APP
BALTIMORE (APP) ORIOLES @ CLEVELAND (APP) INDIANS
07/30/2049
 
TOP OF THE 1ST
Baltimore (APP) Orioles batting - Pitching for Cleveland (APP) Indians : LHP Eddy Gonzalez
Pitching: LHP Eddy Gonzalez
Batting: RHB Pedro Luera 0-0: Ground out U3 (Groundball, 34S, EV 77.5 MPH)
Batting: RHB Javier Brizuela 0-0: Called Strike
0-1: Ball
1-1: Swinging Strike
1-2: Foul Ball, location: 2F
1-2: Strikes out swinging
Batting: SHB Shannon Britten 0-0: Foul Ball, location: 2F
0-1: Ball
1-1: Ball
2-1: Ground out U3 (Groundball, 3, EV 85.0 MPH)
Top of the 1st over - 0 runs, 0 hits, 0 errors, 0 left on base; Baltimore (APP) 0 - Cleveland (APP) 0
BOTTOM OF THE 1ST
Cleveland (APP) Indians batting - Pitching for Baltimore (APP) Orioles : RHP Yuji Higashi
Pitching: RHP Yuji Higashi
Batting: RHB Quan Tai 0-0: Foul Ball, location: 2F
0-1: SINGLE (Groundball, 6MD, EV 105.6 MPH)
Batting: RHB Makoto Narita 0-0: Ball
1-0: Called Strike
1-1: Ball
2-1: Called Strike
2-2: Strikes out swinging
Batting: RHB Kevin Trull 0-0: Called Strike
Quan Tai is caught stealing 2nd base 2-4
0-1: Foul Ball, location: 2F
0-2: Strikes out swinging
Bottom of the 1st over - 0 runs, 1 hit, 0 errors, 0 left on base; Baltimore (APP) 0 - Cleveland (APP) 0
TOP OF THE 2ND
Baltimore (APP) Orioles batting - Pitching for Cleveland (APP) Indians : LHP Eddy Gonzalez
Batting: RHB Adam Hudson 0-0: Called Strike
0-1: Swinging Strike
0-2: Strikes out swinging
Batting: LHB Robert Ortiz 0-0: Ball
1-0: SINGLE (Flyball, 6MD, EV 81.2 MPH)
Batting: RHB Matt Wallace 0-0: Called Strike
0-1: Ball
1-1: Ball
Wild Pitch!
Robert Ortiz to second
2-1: Swinging Strike
2-2: Strikes out swinging
Batting: RHB Jeff Parlo 0-0: Called Strike
0-1: Foul Ball, location: 2F
0-2: Foul Ball, location: 2F
0-2: Strikes out swinging
Top of the 2nd over - 0 runs, 1 hit, 0 errors, 1 left on base; Baltimore (APP) 0 - Cleveland (APP) 0
BOTTOM OF THE 2ND
Cleveland (APP) Indians batting - Pitching for Baltimore (APP) Orioles : RHP Yuji Higashi
Batting: SHB Jack Tierney 0-0: Called Strike
0-1: Ball
1-1: Ball
2-1: Foul Ball, location: 2F
2-2: Foul Ball, location: 2F
2-2: Ball
3-2: Base on Balls
Batting: SHB Jay Rook 0-0: Ball
1-0: Ball
Wild Pitch!
Jack Tierney to second
2-0: Foul Ball, location: 2F
2-1: Ball
3-1: SINGLE (Line Drive, 9S, EV 95.0 MPH)
Jack Tierney to third
Batting: RHB Xavier Bartolani 0-0: Called Strike
0-1: Ball
1-1: Called Strike
1-2: Fielders Choice at 2nd, 5-4 (Groundball, 5L, EV 105.0 MPH)
Jack Tierney scores
Batting: RHB Cruz Castro 0-0: Called Strike
0-1: Grounds into double play, 5-4-3 (Groundball, 56, EV 82.5 MPH)
Bottom of the 2nd over - 1 run, 1 hit, 0 errors, 0 left on base; Baltimore (APP) 0 - Cleveland (APP) 1
TOP OF THE 3RD
Baltimore (APP) Orioles batting - Pitching for Cleveland (APP) Indians : LHP Eddy Gonzalez
Batting: RHB Tyler Cohen 0-0: Reached on error, E3 (Groundball, 3S, EV 66.9 MPH)
Batting: RHB Willie Carmona 0-0: Ball
1-0: Called Strike
1-1: DOUBLE (Groundball, 5L, EV 102.5 MPH)
Tyler Cohen to third
Batting: RHB Pedro Luera 0-0: Called Strike
0-1: Foul Ball, location: 2F
0-2: Strikes out swinging
Batting: RHB Javier Brizuela 0-0: Called Strike
0-1: Foul Ball, location: 2F
0-2: Ball
1-2: SINGLE (Groundball, 5S, EV 71.2 MPH) (infield hit)
Tyler Cohen scores
Willie Carmona to third
Batting: SHB Shannon Britten 0-0: Ball
1-0: Called Strike
1-1: Called Strike
1-2: Foul Ball, location: 2F
1-2: SINGLE (Groundball, 34D, EV 86.2 MPH) (infield hit)
Willie Carmona scores
Javier Brizuela to second
Batting: RHB Adam Hudson 0-0: Called Strike
0-1: Foul Ball, location: 2F
0-2: Strikes out swinging
Batting: LHB Robert Ortiz 0-0: Called Strike
0-1: Foul Ball, location: 2F
0-2: Strikes out swinging
Top of the 3rd over - 2 runs, 3 hits, 1 error, 2 left on base; Baltimore (APP) 2 - Cleveland (APP) 1
BOTTOM OF THE 3RD
Cleveland (APP) Indians batting - Pitching for Baltimore (APP) Orioles : RHP Yuji Higashi
Batting: SHB Bob Ledlow 0-0: Called Strike
0-1: Called Strike
0-2: Foul Ball, location: 2F
0-2: Ball
1-2: Strikes out swinging
Batting: LHB Mario Garza 0-0: Called Strike
0-1: DOUBLE (Line Drive, 78D, EV 109.4 MPH)
Batting: RHB Quan Tai 0-0: Called Strike
0-1: Ball
1-1: Foul Ball, location: 2F
1-2: Strikes out swinging
Batting: RHB Makoto Narita 0-0: Ball
1-0: Foul Ball, location: 2F
1-1: Foul Ball, location: 2F
1-2: Foul Ball, location: 2F
1-2: Ball
2-2: Ground out 3-1 (Groundball, 34S, EV 81.2 MPH)
Bottom of the 3rd over - 0 runs, 1 hit, 0 errors, 1 left on base; Baltimore (APP) 2 - Cleveland (APP) 1
TOP OF THE 4TH
Baltimore (APP) Orioles batting - Pitching for Cleveland (APP) Indians : LHP Eddy Gonzalez
Batting: RHB Matt Wallace 0-0: Ball
1-0: Foul Ball, location: 2F
1-1: Called Strike
1-2: Ball
2-2: Ball
3-2: Strikes out swinging
Batting: RHB Jeff Parlo 0-0: Called Strike
0-1: Ball
1-1: Called Strike
1-2: Strikes out swinging
Batting: RHB Tyler Cohen 0-0: Foul Ball, location: 2F
0-1: Ball
1-1: SOLO HOME RUN (Flyball, 9LD, EV 97.5 MPH), Distance : 353 ft
Batting: RHB Willie Carmona 0-0: Ball
1-0: Ball
2-0: Called Strike
2-1: Swinging Strike
2-2: Foul Ball, location: 2F
2-2: Foul Ball, location: 2F
2-2: Ball
3-2: Foul Ball, location: 2F
3-2: Foul Ball, location: 2F
3-2: Foul Ball, location: 2F
3-2: Foul Ball, location: 2F
3-2: Foul Ball, location: 2F
3-2: Strikes out swinging
Top of the 4th over - 1 run, 1 hit, 0 errors, 0 left on base; Baltimore (APP) 3 - Cleveland (APP) 1
BOTTOM OF THE 4TH
Cleveland (APP) Indians batting - Pitching for Baltimore (APP) Orioles : RHP Yuji Higashi
Batting: RHB Kevin Trull 0-0: Ball
1-0: Ball
2-0: Called Strike
2-1: Swinging Strike
2-2: Reached on error, E6 (Groundball, 6, EV 106.9 MPH)
Batting: SHB Jack Tierney 0-0: Foul Ball, location: 2F
0-1: Ball
1-1: Called Strike
1-2: Strikes out looking
Batting: SHB Jay Rook 0-0: Ball
1-0: Ground out 4-3 (Groundball, 4, EV 110.0 MPH)
Kevin Trull to third
Batting: RHB Xavier Bartolani 0-0: SINGLE (Flyball, 56D, EV 84.4 MPH)
Kevin Trull scores
Batting: RHB Cruz Castro 0-0: Ball
1-0: Ball
2-0: Fly out, F8 (Line Drive, 8RD, EV 86.9 MPH)
Bottom of the 4th over - 1 run, 1 hit, 1 error, 1 left on base; Baltimore (APP) 3 - Cleveland (APP) 2
TOP OF THE 5TH
Baltimore (APP) Orioles batting - Pitching for Cleveland (APP) Indians : LHP Eddy Gonzalez
Batting: RHB Pedro Luera 0-0: Called Strike
0-1: SOLO HOME RUN (Flyball, 7LD, EV 93.1 MPH), Distance : 337 ft
Batting: RHB Javier Brizuela 0-0: Called Strike
0-1: Foul Ball, location: 2F
0-2: Ball
1-2: Strikes out swinging
Batting: SHB Shannon Britten 0-0: Ball
1-0: Fly out, F8 (Flyball, 8RD, EV 87.5 MPH)
Pitching: LHP Eduardo Alvarez
Batting: RHB Adam Hudson 0-0: Foul Ball, location: 2F
0-1: Swinging Strike
0-2: Foul Ball, location: 2F
0-2: Ball
1-2: Ball
2-2: Strikes out swinging
Top of the 5th over - 1 run, 1 hit, 0 errors, 0 left on base; Baltimore (APP) 4 - Cleveland (APP) 2
BOTTOM OF THE 5TH
Cleveland (APP) Indians batting - Pitching for Baltimore (APP) Orioles : RHP Yuji Higashi
Batting: SHB Bob Ledlow 0-0: Called Strike
0-1: Swinging Strike
0-2: Foul Ball, location: 2F
0-2: Strikes out swinging
Batting: LHB Mario Garza 0-0: Ball
1-0: Ball
2-0: Called Strike
2-1: Ground out U3 (Groundball, 34S, EV 67.5 MPH)
Batting: RHB Quan Tai 0-0: Ball
1-0: Ball
2-0: Foul Ball, location: 2F
2-1: Foul Ball, location: 2F
2-2: SINGLE (Groundball, 5D, EV 94.4 MPH)
Batting: RHB Makoto Narita 0-0: Called Strike
Quan Tai steals 2nd base
0-1: Ball
1-1: Ball
2-1: Swinging Strike
2-2: Strikes out looking
Bottom of the 5th over - 0 runs, 1 hit, 0 errors, 1 left on base; Baltimore (APP) 4 - Cleveland (APP) 2
TOP OF THE 6TH
Baltimore (APP) Orioles batting - Pitching for Cleveland (APP) Indians : LHP Eduardo Alvarez
Batting: LHB Robert Ortiz 0-0: Foul Ball, location: 2F
0-1: Called Strike
0-2: Ball
1-2: Ball
2-2: Foul Ball, location: 2F
2-2: Ground out 2-3 (Groundball, 2R, EV 66.2 MPH)
Batting: RHB Matt Wallace 0-0: Called Strike
0-1: Ball
1-1: Foul Ball, location: 2F
1-2: Hit by Pitch
Batting: RHB Jeff Parlo 0-0: Called Strike
0-1: Swinging Strike
0-2: Foul Ball, location: 2F
0-2: Ball
1-2: Ball
2-2: Foul Ball, location: 2F
2-2: Strikes out looking
Batting: RHB Tyler Cohen 0-0: Called Strike
0-1: Ball
1-1: Swinging Strike
1-2: Strikes out looking
Top of the 6th over - 0 runs, 0 hits, 0 errors, 1 left on base; Baltimore (APP) 4 - Cleveland (APP) 2
BOTTOM OF THE 6TH
Cleveland (APP) Indians batting - Pitching for Baltimore (APP) Orioles : RHP Yuji Higashi
Batting: RHB Kevin Trull 0-0: Ball
1-0: Ball
2-0: Ball
3-0: Base on Balls
Pitching: RHP Sherwood Abernethy
Batting: SHB Jack Tierney 0-0: Ball
1-0: Ball
2-0: Foul Ball, location: 2F
2-1: Foul Ball, location: 2F
2-2: Foul Ball, location: 2F
2-2: Grounds out, U3 (Groundball, 3L, EV 106.2 MPH)
Batting: SHB Jay Rook 0-0: Foul Ball, location: 2F
0-1: Ball
1-1: Ground out U3 (Groundball, 3L, EV 86.9 MPH)
Kevin Trull to third
Pinch Hitting: LHB Mesfin Azagba 0-0: Ball
1-0: Called Strike
1-1: Ball
2-1: Hit by Pitch
Batting: RHB Cruz Castro 0-0: Foul Ball, location: 2F
0-1: Swinging Strike
0-2: Ball
Wild Pitch!
Kevin Trull scores
Mesfin Azagba to second
1-2: SINGLE (Groundball, 4M, EV 106.9 MPH)
Mesfin Azagba to third
Throwing error, E8
Mesfin Azagba scores
Cruz Castro to second
Pinch Hitting: RHB Justin Teague 0-0: Called Strike
0-1: Called Strike
0-2: Strikes out swinging
Bottom of the 6th over - 2 runs, 1 hit, 1 error, 1 left on base; Baltimore (APP) 4 - Cleveland (APP) 4
TOP OF THE 7TH
Baltimore (APP) Orioles batting - Pitching for Cleveland (APP) Indians : LHP Eduardo Alvarez
Now at 1B: Kevin Trull
Now at 3B: Mesfin Azagba
Now in CF: Mario Garza
Now in RF: Justin Teague
Batting: RHB Willie Carmona 0-0: Ball
1-0: Called Strike
1-1: Ball
2-1: Ball
3-1: Called Strike
3-2: Base on Balls
Batting: RHB Pedro Luera 0-0: Ball
Wild Pitch!
Willie Carmona to second
1-0: Called Strike
1-1: Called Strike
1-2: Strikes out swinging
Batting: RHB Javier Brizuela 0-0: Foul Ball, location: 2F
0-1: Ground out 3-1 (Groundball, 34, EV 80.6 MPH)
Willie Carmona to third
Batting: SHB Shannon Britten 0-0: Foul Ball, location: 2F
0-1: SINGLE (Flyball, 89S, EV 97.5 MPH)
Willie Carmona scores
Batting: RHB Adam Hudson 0-0: Called Strike
0-1: Ball
1-1: Swinging Strike
1-2: Ball
Shannon Britten is caught stealing 2nd base 2-4
Top of the 7th over - 1 run, 1 hit, 0 errors, 0 left on base; Baltimore (APP) 5 - Cleveland (APP) 4
BOTTOM OF THE 7TH
Cleveland (APP) Indians batting - Pitching for Baltimore (APP) Orioles : RHP Sherwood Abernethy
Batting: LHB Mario Garza 0-0: Swinging Strike
0-1: Ball
1-1: Foul Ball, location: 2F
1-2: Strikes out swinging
Batting: RHB Quan Tai 0-0: Foul Ball, location: 2F
0-1: Ball
1-1: Ball
2-1: Foul Ball, location: 2F
2-2: Foul Ball, location: 2F
2-2: Foul Ball, location: 2F
2-2: Foul Ball, location: 2F
2-2: Ball
3-2: Base on Balls
Pinch Hitting: LHB Justin Eargle 0-0: Ball
1-0: Ball
2-0: Ball
Wild Pitch!
Quan Tai to second
3-0: Called Strike
3-1: Foul Ball, location: 2F
3-2: Foul Ball, location: 2F
3-2: DOUBLE (Line Drive, 3D, EV 97.5 MPH)
Quan Tai scores
Batting: RHB Kevin Trull 0-0: Ball
1-0: Swinging Strike
1-1: Called Strike
1-2: Fly out, F8 (Flyball, 8RD, EV 96.2 MPH)
Batting: SHB Jack Tierney 0-0: Ball
1-0: Ball
2-0: Ball
3-0: Called Strike
3-1: Base on Balls
Pitching: RHP Safe-eldin Enobakhare
Batting: SHB Jay Rook 0-0: Called Strike
0-1: Ball
1-1: Ball
2-1: Ball
3-1: Base on Balls
Justin Eargle to third
Jack Tierney to second
Batting: LHB Mesfin Azagba 0-0: Fly out, F8 (Flyball, 8LS, EV 85.6 MPH)
Bottom of the 7th over - 1 run, 1 hit, 0 errors, 3 left on base; Baltimore (APP) 5 - Cleveland (APP) 5
TOP OF THE 8TH
Baltimore (APP) Orioles batting - Pitching for Cleveland (APP) Indians : LHP Eduardo Alvarez
Now at SS: Jose Rodriguez
Batting: RHB Adam Hudson 0-0: Ball
1-0: Called Strike
1-1: Swinging Strike
1-2: Foul Ball, location: 2F
1-2: Ball
2-2: Ball
3-2: Ground out 4-3 (Groundball, 4D, EV 102.5 MPH)
Pinch Hitting: RHB Michael Powell 0-0: Called Strike
0-1: Foul Ball, location: 2F
0-2: Strikes out looking
Batting: RHB Matt Wallace 0-0: Called Strike
0-1: Foul Ball, location: 2F
0-2: Fly out, F8 (Flyball, 8RD, EV 100.6 MPH)
Top of the 8th over - 0 runs, 0 hits, 0 errors, 0 left on base; Baltimore (APP) 5 - Cleveland (APP) 5
BOTTOM OF THE 8TH
Cleveland (APP) Indians batting - Pitching for Baltimore (APP) Orioles : RHP Safe-eldin Enobakhare
Now in RF: Mike Murphy
Batting: RHB Cruz Castro 0-0: Foul Ball, location: 2F
0-1: Ball
1-1: SINGLE (Groundball, 4S, EV 68.8 MPH) (infield hit)
Batting: RHB Justin Teague 0-0: Ball
1-0: Foul Ball, location: 2F
1-1: Foul Ball, location: 2F
1-2: SINGLE (Flyball, 6MD, EV 86.2 MPH)
Cruz Castro to second
Batting: LHB Mario Garza 0-0: Bunt missed!
0-1: Bunt missed!
0-2: Foul Ball, location: 2F
0-2: Ball
1-2: Fly out, F7 (Flyball, 78M, EV 84.4 MPH)
Batting: RHB Quan Tai 0-0: Ball
1-0: Called Strike
1-1: SINGLE (Line Drive, 56D, EV 99.4 MPH)
Cruz Castro to third
Justin Teague to second
Batting: RHB Jose Rodriguez 0-0: DOUBLE (Line Drive, 78D, EV 97.5 MPH)
Cruz Castro scores
Justin Teague scores
Quan Tai to third
Runner from 3rd tries for Home, SAFE, throw by LF to trailing runner, SAFE at third!
Pitching: RHP Hajato Takahashi
Batting: RHB Kevin Trull 0-0: Ball
1-0: Foul Ball, location: 2F
1-1: 2-RUN HOME RUN (Flyball, 7D, EV 96.9 MPH), Distance : 359 ft
Batting: SHB Jack Tierney 0-0: Swinging Strike
0-1: Foul Ball, location: 2F
0-2: Foul Ball, location: 2F
0-2: Ball
1-2: Ball
2-2: Foul Ball, location: 2F
2-2: Ball
3-2: Hit by Pitch
Batting: SHB Jay Rook 0-0: Ball
1-0: Ball
2-0: Ball
3-0: Foul Ball, location: 2F
3-1: Swinging Strike
3-2: Fly out, F8 (Flyball, 78M, EV 88.1 MPH)
Batting: LHB Mesfin Azagba 0-0: Ball
Jack Tierney steals 2nd base
1-0: Called Strike
1-1: Foul Ball, location: 2F
1-2: 2-RUN HOME RUN (Flyball, 9LD, EV 91.9 MPH), Distance : 348 ft
Batting: RHB Cruz Castro 0-0: Foul Ball, location: 2F
0-1: Ball
1-1: Fly out, F8 (Flyball, 8RXD, EV 93.8 MPH)
Bottom of the 8th over - 7 runs, 6 hits, 0 errors, 0 left on base; Baltimore (APP) 5 - Cleveland (APP) 12
TOP OF THE 9TH
Baltimore (APP) Orioles batting - Pitching for Cleveland (APP) Indians : LHP Eduardo Alvarez
Pitching: RHP Roberto Lamadrid
Now at 1B: Luis de Leon
Now at 3B: Luke Burnham
Pinch Hitting: LHB Shane Cruse 0-0: Swinging Strike
0-1: Ball
1-1: Foul Ball, location: 2F
1-2: Foul Ball, location: 2F
1-2: SINGLE (Line Drive, 8LS, EV 94.4 MPH)
Pinch Hitting: RHB Steve Hansen 0-0: Ball
1-0: Foul Ball, location: 2F
1-1: Ball
2-1: Swinging Strike
2-2: Foul Ball, location: 2F
2-2: Strikes out swinging
Pinch Hitting: RHB Aaron Elliott 0-0: Swinging Strike
0-1: Foul Ball, location: 2F
0-2: Ball
1-2: Strikes out swinging
Batting: RHB Pedro Luera 0-0: Ball
1-0: Foul Ball, location: 2F
1-1: Ball
2-1: Ball
3-1: Foul Ball, location: 2F
3-2: Strikes out swinging
Top of the 9th over - 0 runs, 1 hit, 0 errors, 1 left on base; Baltimore (APP) 5 - Cleveland (APP) 12
Sunday, July 16th , 2023 - OOTP Baseball 24.6 Build 69